 Dungeon Crawl Stone Soup version 0.31-a0-217-g58bb5d79cf (webtiles) character file.

Game seed: 15158317041269849252

352 qw the Chopper (level 6, -4/38 HPs)
             Began as a Gargoyle Fighter on July 2, 2023.
             Slain by Duvessa
             ... wielding a +2 short sword of speed
              (6 damage)
             ... on level 4 of the Dungeon.
             The game lasted 00:01:24 (3354 turns).

qw the Chopper (Gargoyle Fighter)                   Turns: 3354, Time: 00:01:24

Health: -4/38      AC: 11    Str: 22    XL:     6   Next: 62%
Magic:  6/6        EV: 10    Int:  8    God:
Gold:   165        SH:  4    Dex:  9    Spells: 5/5 levels left

rFire   . . .        Y - +0 war axe
rCold   . . .        c - +0 buckler
rNeg    + . .        b - +0 scale mail
rPois   inf          (no helmet)
rElec   +            (no cloak)
rCorr   .            (no gloves)
SInv    .            (no boots)
Will    .....        (no amulet) Stlth
                     (no ring)
HPRegen 0.26/turn    (no ring)
MPRegen 0.10/turn

%: no passive effects
@: about to teleport
A: sickness immunity, AC +4, negative energy resistance 1, electricity
resistance, torment resistance 1, petrification resistance
a: no special abilities


You were on level 4 of the Dungeon.
You visited 1 branch of the dungeon, and saw 4 of its levels.

You collected 165 gold pieces.


Innate Abilities, Weirdness & Mutations

You are immune to sickness and miasma.
Your stone body is resilient. (AC +4)
You are immune to poison.
You resist negative energy. (rN+)
You are resistant to electric shocks. (rElec)
You are resistant to unholy torment.
You are immune to petrification.


   Skills:
 - Level 4.1 Fighting
 + Level 5.2 Axes
 - Level 1.0 Throwing
 - Level 3.2 Armour
 - Level 1.6 Dodging
 - Level 3.2 Shields


You had 5 spell levels left.
You didn't know any spells.
Your spell library was empty.

Inventory:

Hand Weapons
 f - a +0 flail
 Y - a +0 war axe (weapon)
Missiles
 h - 2 boomerangs
 p - a javelin (quivered)
Armour
 b - a +0 scale mail (worn)
 c - a +0 buckler (worn)
 l - a +0 chain mail
Scrolls
 j - 2 scrolls of brand weapon {unknown}
 m - a scroll of identify
 n - 2 scrolls of revelation {unknown}
 o - a scroll of vulnerability {unknown}
 q - a scroll of fog {unknown}
Potions
 a - a potion of heal wounds {unknown}
 d - a potion of might
 e - a potion of lignification {unknown}
 i - a potion of brilliance {unknown}
 k - a potion of haste {unknown}

Dungeon Overview and Level Annotations

Branches:
Dungeon (4/15)
 Temple: D:4-7

Altars:

Shops:
D:2 =

Annotations:
D:2 1 runed translucent door, Crazy Yiuf
D:3 2 runed translucent doors
D:4 Dowan, Duvessa


Message History

You slash Duvessa!
Duvessa is lightly wounded.
Duvessa hits you but does no damage. x2
Dowan gestures at you while chanting. The puff of flame hits you!
Duvessa hits you but does no damage.
You hit Duvessa.
Duvessa is moderately wounded.
Duvessa hits you with a +2 short sword of speed.
Duvessa closely misses you. Duvessa hits you but does no damage.
You closely miss Duvessa.
Duvessa is moderately wounded.
You hit Dowan. Duvessa hits you but does no damage. Duvessa closely misses you.
Dowan hits you but does no damage. You block Duvessa's attack.
You slash Duvessa!
Duvessa is heavily wounded.
You hit Dowan.
Duvessa hits you with a +2 short sword of speed.
Dowan casts a spell at you. You resist with some effort.
You block Duvessa's attack.
Dowan zaps a wand.
The puff of flame hits you.
Duvessa hits you with a +2 short sword of speed.
You slash Duvessa!
Duvessa is almost dead.
You slash Dowan! Duvessa hits you but does no damage.
Duvessa says, "Practise, practise, practise!
One day you'll be as good as me." You block Duvessa's attack.
Dowan points at you and mumbles some strange words.
The puff of flame hits you! Duvessa hits you but does no damage.
3353 ||| READING scroll of teleportation.
As you read the scroll of teleportation, it crumbles to dust.
You feel strangely unstable.
Duvessa hits you with a +2 short sword of speed.
Dowan hits you but does no damage. Duvessa hits you but does no damage.
You hit Duvessa but do no damage.
Duvessa is almost dead.
You closely miss Dowan.
Duvessa hits you with a +2 short sword of speed.
You die...

..................... .....#
.....###.>.#........# #....#
.#.### #...#........##.....#
.### ....##...##...#...!### .#
....#.........$......#
.######.....................#
.#.#..................##.#..
....... #......ee.......##
......####......@.........# ##
.#....##..........#.......#..##
..................##..........#
........##......>.##...........
.........#.........#..###.....)
....###.................#####..
#................#.......#
#....###.%......####....##
...............## #...##


You could see Duvessa (fast) and Dowan.

Vanquished Creatures
  2 phantoms (D:4)
  A scorpion (D:4)
  A gnoll (D:1)
  4 adders
  3 worms
  3 dart slugs
  An orc (D:3)
  3 bats (D:1)
  6 endoplasms
  4 giant cockroaches
  6 goblins
  7 hobgoblins
  8 jackals
  6 kobolds
  6 quokkas
  5 ball pythons
  A frilled lizard (D:3)
  10 rats
77 creatures vanquished.

Notes
Turn   | Place    | Note
-------+----------+-------------------------------------------
     0 | D:1      | qw the Gargoyle Fighter began the quest for the Orb.
     0 | D:1      | Reached XP level 1. HP: 14/14 MP: 1/1
     0 | D:1      | 0 ||| qw: Version: 0.3-a-40-ge99b1a8
     0 | D:1      | 0 ||| qw: Game counter: 40
     0 | D:1      | 0 ||| qw: Melee chars always use a shield: true
     0 | D:1      | 0 ||| qw: God list: Okawaru
     0 | D:1      | 0 ||| qw: Allow faded altars: false
     0 | D:1      | 0 ||| qw: Do Orc after clearing Dungeon:15 true
     0 | D:1      | 0 ||| qw: Do second Lair branch before Depths: true
     0 | D:1      | 0 ||| qw: Lair rune preference: random
     0 | D:1      | 0 ||| qw: Goals: Normal, Zot:1-4, Slime:5, God:TSO, Crypt,
                  | Tomb, Abyss, Pan, Hells, Win
     0 | D:1      | 0 ||| PLANNING D:1-11
    31 | D:1      | Reached skill level 2 in Axes
    45 | D:1      | Reached XP level 2. HP: 19/19 MP: 2/2
    88 | D:1      | Reached skill level 3 in Axes
    91 | D:1      | Reached XP level 3. HP: 16/23 MP: 3/3
   201 | D:1      | Found a faded altar of an unknown god.
   238 | D:1      | 238 ||| Stepping ~*~*~tactically~*~*~ (stealth).
   241 | D:1      | 241 ||| Stepping ~*~*~tactically~*~*~ (stealth).
   612 | D:1      | 612 ||| Stepping ~*~*~tactically~*~*~ (stealth).
   924 | D:1      | 924 ||| READING 2 scrolls labelled JOYNADD SIHAFID.
   925 | D:1      | 925 ||| READING scroll labelled ZAUL ICAZUU.
   926 | D:1      | 926 ||| DROPPING scroll of amnesia.
  1018 | D:2      | 1018 ||| DROPPING +0 club.
  1068 | D:2      | Reached XP level 4. HP: 26/28 MP: 4/4
  1076 | D:2      | Found Nas Lofi's Jewellery Boutique.
  1083 | D:2      | 1083 ||| SHOPLISTING +4 ring of protection (468 gold, have
                  | 38).
  1083 | D:2      | 1083 ||| SHOPLISTING ring of Xeosoviq {Fly Str+4} (427
                  | gold, have 38).
  1083 | D:2      | 1083 ||| SHOPLISTING ring of protection from cold (325
                  | gold, have 38).
  1083 | D:2      | 1083 ||| SHOPLISTING ring of the Hare {EV+10} (1664 gold,
                  | have 38).
  1265 | D:2      | 1265 ||| DROPPING +0 whip.
  1380 | D:2      | Reached skill level 4 in Axes
  1794 | D:2      | Found a runed translucent door.
  1795 | D:2      | Noticed Crazy Yiuf
  2082 | D:2      | 2082 ||| READING 2 scrolls labelled YKOOFIHISEG.
  2153 | D:2      | 2153 ||| READING scroll labelled ZEIRCHI RUCOLUI.
  2178 | D:3      | 2178 ||| STAIRDANCE
  2271 | D:3      | Found a large runed translucent door.
  2272 | D:3      | Found a large runed translucent door.
  2359 | D:3      | 2359 ||| Stepping ~*~*~tactically~*~*~ (stealth).
  2360 | D:3      | 2360 ||| Stepping ~*~*~tactically~*~*~ (stealth).
  2419 | D:3      | 2419 ||| Stepping ~*~*~tactically~*~*~ (stealth).
  2437 | D:3      | Reached skill level 1 in Throwing
  2437 | D:3      | 2437 ||| Stepping ~*~*~tactically~*~*~ (hiding).
  2470 | D:3      | 2470 ||| Stepping ~*~*~tactically~*~*~ (stealth).
  2655 | D:3      | Reached XP level 5. HP: 32/32 MP: 5/5
  2828 | D:3      | 2828 ||| READING scroll labelled YMAAXA IMUMI TIMN.
  2829 | D:3      | 2829 ||| READING scroll labelled LAIMUTSIGEUG.
  2898 | D:4      | 2898 ||| Stepping ~*~*~tactically~*~*~ (hiding).
  3005 | D:4      | 3005 ||| Stepping ~*~*~tactically~*~*~ (stealth).
  3008 | D:4      | Noticed a phantom
  3023 | D:4      | Killed a phantom
  3024 | D:4      | Reached skill level 5 in Axes
  3213 | D:4      | Reached XP level 6. HP: 38/38 MP: 6/6
  3265 | D:4      | Reached skill level 1 in Dodging
  3338 | D:4      | Noticed Duvessa
  3338 | D:4      | Noticed Dowan
  3339 | D:4      | 3339 ||| FLEEEEING.
  3340 | D:4      | 3340 ||| FLEEEEING.
  3341 | D:4      | 3341 ||| FLEEEEING.
  3342 | D:4      | 3342 ||| FLEEEEING.
  3343 | D:4      | 3343 ||| FLEEEEING.
  3344 | D:4      | 3344 ||| FLEEEEING.
  3352 | D:4      | HP: 5/38 [Dowan/puff of flame (8)]
  3353 | D:4      | 3353 ||| READING scroll of teleportation.
  3353 | D:4      | HP: 2/38 [Duvessa/+2 short sword of speed (3)]
  3354 | D:4      | Slain by Duvessa

Levels and vault maps discovered:
D:1:      lemuel_arrival_cross, layout_basic,
          shapermc_ecumenical_altar_flowoftime
D:2:      layout_loops_corners, serial_shops, nicolae_shop_trees,
          dreamdust_princess_bridge, kennysheep_flooded_box,
          uniq_crazy_yiuf_cottage
D:3:      layout_loops_ring, jmf_multi_god_temple2
D:4:      layout_cave_pools, uniq_duvessa

Skill      XL: |  1  2  3  4  5  6 |
---------------+-------------------+-----
Axes           | 2 3 4 5 |  5.2
Throwing       | 1 |  1.0
Fighting       | 4 |  4.1
Dodging        | 1 |  1.6
Armour         | |  3.2
Shields        | |  3.2

Action                     |  1- 3 |  4- 6 || total
---------------------------+-------+-------++-------
  Melee: War axe           |    92 |   111 ||   203
  Throw: Javelin           |       |    23 ||    23
         Boomerang         |       |    18 ||    18
    Use: Scroll            |     2 |     5 ||     7
 Armour: Scale mail        |    52 |    65 ||   117
  Dodge: Dodged            |    44 |    47 ||    91
  Block: Buckler           |    20 |    28 ||    48

Table legend:
 A = Non-vault XP
 B = Vault XP
 C = Vault XP percentage of total XP
 D = Non-vault monster count
 E = Vault monster count
 F = Vault count percentage of total count
                 A         B        C        D         E       F
            +---------+---------+-------+---------+---------+-------
      Total |     504 |       0 |   0.0 |      77 |       0 |   0.0
            +---------+---------+-------+---------+---------+-------
        D:1 |      61 |       0 |   0.0 |      27 |       0 |   0.0
        D:2 |      54 |       0 |   0.0 |      21 |       0 |   0.0
        D:3 |      54 |       0 |   0.0 |      15 |       0 |   0.0
        D:4 |     335 |       0 |   0.0 |      14 |       0 |   0.0
            +---------+---------+-------+---------+---------+-------
